 Dungeon Crawl Stone Soup version 0.18-a0-1593-g7a89b71 (webtiles) character file.

138219 Sixotanaka the Earth Mage (level 16, -6/148 HPs)
             Began as a Deep Dwarf Earth Elementalist on Mar 18, 2016.
             Was the Champion of Makhleb.
             Mangled by a ghost moth (10 damage)
             ... on level 3 of the Spider Nest on Mar 20, 2016.
             The game lasted 02:44:23 (55348 turns).

Sixotanaka the Earth Mage (DDEE)                   Turns: 55348, Time: 02:44:23

Health: -6/148     AC:  9    Str: 11 (16) XL:     16   Next: 70%
Magic:  4/37       EV: 19    Int: 16 (21) God:    Makhleb [******]
Gold:   1852       SH:  4    Dex: 10 (13) Spells: 5 memorised, 16 levels left

rFire  . . .     SeeInvis .     b - 191 stones
rCold  . . .     Gourm    .     B - +2 robe {MR+}
rNeg   + . .     Faith    .     J - +0 buckler
rPois  +         Spirit   .     h - +0 helmet
rElec  .         Dismiss  +     m - +0 cloak
rCorr  .         Reflect  .     (no gloves)
SustAt .         Harm     .     i - +2 pair of boots
MR     +++..     Clarity  +     p - amulet of dismissal
Stlth  ++........               L - ring of poison resistance
                                K - ring of magical power

@: non-regenerating, extremely resistant to hostile enchantments, unstealthy
A: damage resistance, recharge devices, clarity, negative energy resistance 1,
sense surroundings 2, slow regeneration 3, strong 1
a: Device Recharging, Minor Destruction, Lesser Servant of Makhleb, Major
Destruction, Greater Servant of Makhleb, Renounce Religion


You were on level 3 of the Spider Nest.
You worshipped Makhleb.
Makhleb was exalted by your worship.
You were not hungry.

You visited 4 branches of the dungeon, and saw 28 of its levels.

You collected 2756 gold pieces.
You spent 904 gold pieces at shops.


Innate Abilities, Weirdness & Mutations

You are resistant to damage.
You can recharge devices by infusing magical energy.
You resist negative energy.
You passively map the area around you.
You do not regenerate naturally.
You possess an exceptional clarity of mind.
Your muscles are strong. (Str +2)


   Skills:
 - Level 10.8 Fighting
 - Level 15.5 Dodging
 - Level 2.9 Stealth
 - Level 4.0 Shields
 + Level 8.2 Spellcasting
 * Level 11.7 Conjurations
 - Level 0.8 Transmutations
 - Level 19.1 Earth Magic
 - Level 9.0 Invocations
 - Level 10.0 Evocations


You had 16 spell levels left.
You knew the following spells:

 Your Spells              Type           Power        Failure   Level  Hunger
u - Petrify               Trmt/Erth      #####...     1%          4    ###....
x - Stone Arrow           Conj/Erth      ######       1%          3    #......
y - Passwall              Trmt/Erth      #####.....   1%          2    None
z - Sandblast             Erth           ######       0%          1    None
X - Lee's Rapid Deconstr  Erth           ######....   1%          5    #####..


Dungeon Overview and Level Annotations

Branches:
Dungeon (15/15)            Temple (0/1) D:7            Lair (8/8) D:8
  Swamp (0/4) Lair:6       Spider (3/4) Lair:6          Orc (2/2) D:10
    Elf (0/3) Orc:2        Vaults (0/5) D:13         Depths (0/5) D:15
  Slime: Lair:6-8

Altars:
Ashenzari
Fedhas
Makhleb
Okawaru
Pakellas
Trog
Xom
Yredelemnul
Beogh

Shops:
D:9 [   D:12 %   D:15 =   Orc:2 (**?

Portals:
Trove: D:14 (give 2 scrolls of acquirement)

Annotations:
D:6 Grinder
D:7 smazza's ghost, novice NaWz
D:9 4 runed doors
D:15 exclusion: Roxanne, Roxanne
Lair:4 !fuck this floor, exclusion: 2 oklob plants, Rupert

Inventory:

Hand Weapons
 a - a +2 scimitar of protection
   (You took it off an orc warrior on level 2 of the Orcish Mines)
 w - a +0 blowgun
 X - a +2 dagger of electrocution
   (You took it off an orc wizard on level 6 of the Dungeon)
Missiles
 b - 191 stones (in hand)
 t - 71 poisoned needles
 u - 4 tomahawks of dispersal {!f}
Armour
 h - a +0 helmet (worn)
 i - a +2 pair of boots (worn)
 m - a +0 cloak (worn)
 B - a +2 robe of magic resistance (worn)
   (You took it off an orc wizard on level 5 of the Dungeon)
 J - a +0 buckler (worn)
Jewellery
 o - an uncursed ring of ice
 p - an amulet of dismissal (around neck)
 r - an uncursed ring of protection from fire
 K - a ring of magical power (left hand)
 L - a ring of poison resistance (right hand)
 U - a cursed ring of protection from cold {unknown}
Wands
 d - a wand of heal wounds (1/9) {@v2}
 k - a wand of slowing (12/48)
 l - a wand of iceblast (10/15)
 H - a wand of random effects (36/48)
 I - a wand of acid (7/15)
 W - a wand of lightning (8/15)
 Y - a wand of hasting (4/9) {@v3}
Scrolls
 c - a scroll of recharging
 e - 13 scrolls of remove curse {@r2}
 v - 7 scrolls of fog
 x - a scroll of fear
 y - a scroll of vulnerability {unknown}
 C - 14 scrolls of teleportation {@r4}
 F - 3 scrolls of blinking
 N - 2 scrolls of magic mapping
 P - 6 scrolls of amnesia
 T - a scroll of summoning {unknown}
 Z - a scroll of torment {unknown}
Potions
 f - a potion of degeneration {unknown}
 g - 3 potions of ambrosia
 n - 5 potions of curing {@q1}
 q - 8 potions of brilliance
 s - 5 potions of haste {@q3}
 z - 5 potions of lignification {!q}
 A - 3 potions of cure mutation
 D - 2 potions of agility
 E - a potion of heal wounds {@q2}
 G - 3 potions of flight
 Q - a potion of cancellation {unknown}
 R - a potion of resistance
 S - a potion of invisibility {unknown}
Books
 V - a book of the Sky
Miscellaneous
 M - a lamp of fire (inert)
Comestibles
 j - 25 fruits

......#.........##
................# ####
....^........#..## ##..##
................^## ##....*
...........#......# #....##
...........#.....##### #.....
.........#.##.....##.#######...."
^................##..^.##^.#.....
................@................
.........................##......
#################################


There were no monsters in sight!


Message History

The demonic crawler hits your fire elemental but does no damage.
Something closely misses your fire elemental.
The demonic crawler is engulfed in roaring flames.
The demonic crawler is engulfed in roaring flames.
The spark wasp bursts into living lightning!
The living lightning hits the demonic crawler.
The demonic crawler resists.
The living lightning hits your fire elemental.
Your fire elemental resists.
The living lightning hits you!
* * * LOW HITPOINT WARNING * * *
The spark wasp blinks!
The demonic crawler is engulfed in roaring flames.
You block the spark wasp's attack.
The demonic crawler is engulfed in roaring flames.
The demonic crawler misses you.
The demonic crawler hits you but does no damage.
The demonic crawler hits you!
* * * LOW HITPOINT WARNING * * *
The spark wasp stings your fire elemental.
The spark wasp shocks your fire elemental.
Your fire elemental resists.
Your fire elemental hits the spark wasp.
Your fire elemental burns the spark wasp!
The demonic crawler is engulfed in roaring flames.
The demonic crawler completely misses you.
The demonic crawler misses you.
The demonic crawler hits you but does no damage.
Drink which item? (? for menu, Esc to quit)
You feel much better.
The spark wasp stings your fire elemental!!
Your fire elemental is destroyed!
The demonic crawler misses you.
The demonic crawler hits you but does no damage. x2
Wield which item (- for none, * to show all)? (? for menu, Esc to quit)
Your +2 dagger of electrocution stops crackling.
b - 193 stones (in hand)
The demonic crawler is engulfed in roaring flames.
The demonic crawler hits you.
The demonic crawler completely misses you.
The demonic crawler closely misses you.
Casting: Stone Arrow
Aiming: Sandblast
Aim: a spark wasp (moderately wounded)
The rocky blast hits the spark wasp.
You block the spark wasp's attack. The spark wasp stings you!
* * * LOW HITPOINT WARNING * * *
The spark wasp shocks you!
* * * LOW HITPOINT WARNING * * *
Your amulet of dismissal vibrates suddenly!
The spark wasp disappears!
The demonic crawler is engulfed in roaring flames.
The demonic crawler hits you!
* * * LOW HITPOINT WARNING * * *
The demonic crawler barely misses you. The demonic crawler closely misses you.
Casting: Sandblast
Aiming: Sandblast
Aim: a demonic crawler (almost dead, clinging)
The rocky blast hits the demonic crawler.
The demonic crawler hits you!
* * * LOW HITPOINT WARNING * * *
The demonic crawler hits you!
* * * LOW HITPOINT WARNING * * *
Your amulet of dismissal vibrates suddenly!
The demonic crawler disappears!
Something hits you!
* * * LOW HITPOINT WARNING * * *
You feel weakened. Something hits you!
You die...

Action                   |  1- 3 |  4- 6 |  7- 9 | 10-12 | 13-15 | 16-18 || total
-------------------------+-------+-------+-------+-------+-------+-------++-------
Melee: Spear             |    30 |    43 |    23 |       |       |       ||    96
       Dagger            |       |       |    30 |   275 |   221 |    22 ||   548
       Scimitar          |       |       |       |       |    33 |    18 ||    51
       Blowgun           |       |       |       |       |       |     1 ||     1
 Fire: Blowgun           |       |       |       |    41 |    11 |    16 ||    68
Throw: Tomahawk          |       |     4 |       |     1 |     2 |       ||     7
 Cast: Sandblast         |    77 |    86 |   108 |   318 |   384 |   114 ||  1087
       Stone Arrow       |     4 |    30 |    87 |   306 |  1099 |   361 ||  1887
       Passwall          |       |     1 |     1 |     3 |     6 |     2 ||    13
       Lee's Rapid Decon |       |       |     2 |    24 |    59 |       ||    85
       Petrify           |       |       |       |     1 |    12 |       ||    13
Evoke: Wand              |       |     5 |     4 |    10 |     3 |     2 ||    24
       Lamp of fire      |       |       |       |       |       |     1 ||     1
  Use: Scroll            |     2 |     3 |     3 |     9 |    12 |     4 ||    33
       Potion            |       |       |     1 |     3 |     1 |     8 ||    13
 Stab: Sleeping          |     5 |     2 |       |     3 |     2 |       ||    12
       Confused          |       |       |       |     3 |       |       ||     3
  Eat: Chunk             |     6 |    13 |    17 |    42 |   114 |     8 ||   200
       Fruit             |       |     2 |       |     3 |     8 |     5 ||    18
       Meat ration       |       |       |     1 |     2 |     4 |     1 ||     8
       Bread ration      |       |       |     1 |     3 |    10 |     1 ||    15
       Beef jerky        |       |       |       |     3 |       |       ||     3
       Pizza             |       |       |       |     1 |     1 |       ||     2
       Royal jelly       |       |       |       |       |     1 |       ||     1

Vault maps used:
D:1:      dpeg_arrival_rhombi
D:2:      nicolae_overflow_hidden_temple, serial_park_tiny_pond,
          columned_hall_lemuel
D:3:      gammafunk_pakellas_statue_experiment, first_bread
D:4:      makhleb_blood_cavern_becter
D:5:      lemuel_upstairs_altar, yredelemnul_altar_generic
D:6:      marbit_many_paths, minmay_gold_behind_fungi, grunt_decor_cap,
          uniq_grinder
D:7:      nemelex_xobeh_ov_fountains_minmay, minmay_temple_entry_mist,
          uniq_joseph
D:8:      minmay_lair_entry_grove, hangedman_tree_tricks, minivault_14,
          minmay_curled_crystal
D:9:      lemuel_bear_cage, ashenzari_conservatory_becter,
          overflow_temple_1_default, serial_shops, shop
D:10:     minmay_orc_entry_temple_small, serial_bayou_pond_d, minmay_nine_imps
D:12:     serial_shops, shop_statue
D:13:     david_vaults_1
D:14:     nicolae_trove_entry_crossroad
D:15:     grunt_enter_depths_magical_seal, serial_shops, nicolae_shop_stone,
          eino_curves_03, uniq_roxanne, uniq_urug
Lair:1:   serial_bayou_pond_b, infiniplex_staircase_pool, grunt_megastairs_3
Lair:2:   zaba_anthell
Lair:3:   lemuel_reptile_caves, lemuel_fruit_fields, serial_bayou_shore_a,
          uniq_gastronok
Lair:4:   minmay_lair_oklob_tunnel, uniq_rupert
Lair:6:   minmay_swamp_entry_reptiles, dummy_spider_entry
Lair:7:   serial_bayou_shore_b, infiniplex_staircase_pool_2
Lair:8:   minmay_lair_end_enchanted_forest, slime_altar_2,
          portal_ice_cave_entry_dragon, disabler_island
Spider:1: nicolae_spider_circle_web
Spider:2: spider_trap
Spider:3: nicolae_spider_mines_2
Orc:1:    nicolae_orc_flooded_monolith
Orc:2:    st_orc_pillars, minmay_orc_temple_a

Notes
Turn   | Place    | Note
--------------------------------------------------------------
     0 | D:1      | Sixotanaka the Deep Dwarf Earth Elementalist began the quest for the Orb.
     0 | D:1      | Reached XP level 1. HP: 15/15 MP: 3/3
   343 | D:1      | Reached skill level 2 in Spellcasting
   361 | D:1      | Reached XP level 2. HP: 20/22 MP: 0/5
  1465 | D:1      | Reached XP level 3. HP: 16/28 MP: 4/6
  1601 | D:2      | Reached skill level 5 in Earth Magic
  1758 | D:1      | Learned a level 3 spell: Stone Arrow
  2341 | D:2      | Reached XP level 4. HP: 20/36 MP: 3/7
  2426 | D:2      | Reached skill level 6 in Earth Magic
  2460 | D:2      | Reached skill level 1 in Evocations
  2662 | D:2      | Found a bloodstained altar of Trog.
  3183 | D:2      | Reached XP level 5. HP: 37/42 MP: 0/8
  3533 | D:3      | Reached skill level 2 in Evocations
  3577 | D:2      | HP: 9/42 [orc wizard/magic dart (6)]
  3599 | D:2      | Reached skill level 7 in Earth Magic
  4026 | D:3      | Found an oddly glowing altar of Pakellas.
  4026 | D:3      | Noticed an orange crystal statue
  4071 | D:3      | Noticed an orc warrior
  4093 | D:2      | Learned a level 2 spell: Passwall
  4470 | D:4      | Noticed smazza's ghost (amateur DEFE)
  4480 | D:4      | Killed smazza's ghost
  4480 | D:4      | Reached skill level 3 in Evocations
  4480 | D:4      | Reached XP level 6. HP: 31/49 MP: 1/9
  4732 | D:4      | Reached skill level 8 in Earth Magic
  5166 | D:4      | Found a burning altar of Makhleb.
  5180 | D:4      | Became a worshipper of Makhleb the Destroyer
  5205 | D:5      | Entered Level 5 of the Dungeon
  5218 | D:4      | Reached skill level 4 in Evocations
  5572 | D:5      | Reached skill level 9 in Earth Magic
  5603 | D:5      | Reached XP level 7. HP: 52/55 MP: 0/10
  5708 | D:5      | Found a basalt altar of Yredelemnul.
  5807 | D:5      | Reached skill level 10 in Earth Magic
  6918 | D:5      | Found an oddly glowing altar of Pakellas.
  6925 | D:5      | Reached skill level 11 in Earth Magic
  7046 | D:5      | Reached XP level 8. HP: 38/61 MP: 1/12
  7149 | D:5      | Learned a level 5 spell: Lee's Rapid Deconstruction
  7209 | D:6      | Reached * piety under Makhleb
  7212 | D:6      | Reached skill level 3 in Dodging
  7425 | D:6      | Noticed Grinder
  7717 | D:6      | Reached skill level 4 in Dodging
  8026 | D:6      | Found an iron altar of Okawaru.
  8084 | D:6      | Reached skill level 12 in Earth Magic
  8258 | D:6      | Reached skill level 5 in Dodging
  8684 | D:7      | Noticed Joseph
  8699 | D:7      | Killed Joseph
  8699 | D:7      | Reached skill level 6 in Dodging
  8699 | D:7      | Gained mutation: You passively map the area around you. [Deep Dwarf growth]
  8699 | D:7      | Reached XP level 9. HP: 30/68 MP: 0/13
  8843 | D:7      | Reached ** piety under Makhleb
  8880 | D:7      | Reached skill level 13 in Earth Magic
  8882 | D:7      | Noticed smazza's ghost (novice NaWz)
  9160 | D:7      | Reached skill level 7 in Dodging
  9908 | D:7      | Found a staircase to the Ecumenical Temple.
 10090 | D:8      | Reached skill level 8 in Dodging
 10435 | D:7      | Reached skill level 14 in Earth Magic
 10560 | D:8      | Reached *** piety under Makhleb
 10865 | D:8      | HP: 4/68 [orc warrior/long sword (19)]
 10868 | D:7      | Reached skill level 9 in Dodging
 10868 | D:7      | Reached XP level 10. HP: 9/75 MP: 1/14
 11631 | D:8      | Reached skill level 1 in Fighting
 12471 | D:8      | Reached **** piety under Makhleb
 12497 | D:8      | Found a staircase to the Lair.
 12520 | D:8      | Reached skill level 2 in Fighting
 12716 | D:8      | Found a blossoming altar of Fedhas.
 12869 | Lair:1   | Entered Level 1 of the Lair of Beasts
 12936 | Lair:1   | Reached skill level 5 in Evocations
 13190 | Lair:1   | Reached skill level 3 in Fighting
 13194 | Lair:1   | Noticed a black mamba
 13242 | Lair:1   | HP: 20/84 [poisoned by a black mamba]
 13256 | Lair:1   | Killed a black mamba
 13407 | Lair:1   | Noticed a spiny frog
 13579 | Lair:1   | Noticed a spiny frog
 13605 | Lair:1   | Killed a spiny frog
 13605 | Lair:1   | Reached skill level 4 in Fighting
 13605 | Lair:1   | Reached skill level 6 in Evocations
 13649 | Lair:1   | Noticed a spiny frog
 13653 | Lair:1   | Killed a spiny frog
 13653 | Lair:1   | Reached skill level 15 in Earth Magic
 13876 | Lair:1   | Killed a spiny frog
 13920 | Lair:1   | Reached skill level 5 in Fighting
 14167 | Lair:1   | Reached skill level 7 in Evocations
 14284 | Lair:1   | Reached XP level 11. HP: 93/96 MP: 14/16
 14993 | Lair:2   | Reached skill level 6 in Fighting
 15458 | Lair:2   | Reached ***** piety under Makhleb
 15553 | Lair:2   | Reached skill level 8 in Evocations
 15764 | Lair:2   | Noticed a four-headed hydra
 15791 | Lair:2   | Killed a four-headed hydra
 15791 | Lair:2   | Reached skill level 7 in Fighting
 16264 | Lair:2   | Noticed a queen ant
 16488 | Lair:2   | Killed a queen ant
 16488 | Lair:2   | Reached skill level 16 in Earth Magic
 16488 | Lair:2   | Reached skill level 9 in Evocations
 16743 | Lair:2   | Noticed a griffon
 16759 | Lair:2   | Killed a griffon
 17205 | Lair:3   | Noticed Gastronok
 17401 | Lair:3   | Noticed a four-headed hydra
 17410 | Lair:3   | Killed a four-headed hydra
 17410 | Lair:3   | Reached skill level 10 in Dodging
 17562 | Lair:3   | Reached skill level 10 in Evocations
 17562 | Lair:3   | Reached XP level 12. HP: 107/109 MP: 16/19
 17659 | Lair:3   | Reached skill level 1 in Invocations
 17713 | Lair:3   | Reached ****** piety under Makhleb
 17875 | Lair:3   | Reached skill level 2 in Invocations
 18334 | Lair:3   | Reached skill level 3 in Invocations
 18996 | Lair:3   | Noticed a four-headed hydra
 19007 | Lair:3   | Killed a four-headed hydra
 19007 | Lair:3   | Reached skill level 4 in Invocations
 19299 | Lair:3   | Reached skill level 11 in Dodging
 19299 | Lair:3   | Reached skill level 17 in Earth Magic
 19367 | Lair:3   | Reached skill level 5 in Invocations
 19590 | Lair:3   | Killed Gastronok
 19590 | Lair:3   | Reached skill level 6 in Invocations
 20109 | Lair:4   | Noticed a six-headed hydra
 20183 | Lair:4   | Noticed a four-headed hydra
 20192 | Lair:4   | HP: 22/109 [four-headed hydra (12)]
 20236 | Lair:4   | HP: 27/109 [four-headed hydra (5)]
 20289 | Lair:4   | Noticed Rupert
 20393 | Lair:4   | HP: 24/109 [four-headed hydra (12)]
 20393 | Lair:4   | HP: 10/109 [four-headed hydra (2)]
 20394 | Lair:4   | Killed a four-headed hydra
 21166 | Lair:3   | Learned a level 4 spell: Petrify
 21310 | Lair:4   | HP: 16/109 [Rupert/great mace of draining (26)]
 21312 | Lair:4   | Noticed a death yak
 21312 | Lair:4   | Noticed a death yak
 21313 | Lair:4   | Noticed a death yak
 21454 | Lair:4   | Reached skill level 7 in Invocations
 22065 | Lair:5   | Noticed a six-headed hydra
 22143 | Lair:5   | Killed a six-headed hydra
 22335 | Lair:6   | Noticed a seven-headed hydra
 22536 | Lair:6   | Noticed a five-headed hydra
 22540 | Lair:6   | Killed a five-headed hydra
 22540 | Lair:6   | Reached skill level 12 in Dodging
 22540 | Lair:6   | Reached XP level 13. HP: 115/115 MP: 8/20
 22657 | Lair:6   | Found a staircase to the Swamp.
 22686 | Lair:6   | Reached skill level 8 in Invocations
 22883 | Lair:6   | Reached skill level 18 in Earth Magic
 23258 | Lair:6   | Reached skill level 9 in Invocations
 23609 | Lair:6   | Reached skill level 8 in Fighting
 24140 | Lair:6   | Found a hole to the Spider Nest.
 24149 | Lair:6   | Reached skill level 1 in Conjurations
 24666 | Lair:6   | Reached skill level 2 in Conjurations
 25116 | Lair:7   | Reached skill level 3 in Conjurations
 25199 | Lair:7   | Reached skill level 9 in Fighting
 26345 | Lair:7   | Reached skill level 4 in Conjurations
 26890 | Lair:8   | Entered Level 8 of the Lair of Beasts
 27119 | Lair:7   | Upgraded the game from 0.18-a0-1586-g58c38cf to 0.18-a0-1589-g520a787
 27128 | Lair:7   | Reached skill level 5 in Conjurations
 27432 | D:9      | Found a huge runed gate.
 27433 | D:9      | Found a huge runed gate.
 27434 | D:9      | Found a huge runed gate.
 27435 | D:9      | Found a huge runed gate.
 28283 | D:9      | Found Derphil's Antique Armour Shoppe.
 28298 | D:9      | Bought a pair of embroidered boots for 112 gold pieces
 28331 | D:9      | Reached skill level 10 in Fighting
 28411 | D:9      | Found a shattered altar of Ashenzari.
 28421 | D:9      | Found a shimmering altar of Xom.
 28790 | D:10     | Entered Level 10 of the Dungeon
 28992 | D:10     | Found a staircase to the Orcish Mines.
 29126 | D:10     | Found a roughly hewn altar of Beogh.
 29429 | D:10     | Gained mutation: You resist negative energy. [Deep Dwarf growth]
 29429 | D:10     | Reached XP level 14. HP: 132/132 MP: 20/21
 29811 | D:10     | Reached skill level 6 in Conjurations
 29937 | Orc:1    | Entered Level 1 of the Orcish Mines
 31440 | Orc:2    | Entered Level 2 of the Orcish Mines
 32119 | Orc:2    | Found a roughly hewn altar of Beogh.
 32849 | D:11     | Reached skill level 7 in Conjurations
 33885 | Orc:2    | Found a staircase to the Elven Halls.
 35123 | Orc:1    | HP: 21/133 [orc knight/long sword (27)]
 36577 | Orc:2    | Reached skill level 13 in Dodging
 37594 | Orc:2    | Found Nyxt's Assorted Antiques.
 37594 | Orc:2    | Found Pijaiblu's Weapon Shop.
 37595 | Orc:2    | Found Xoly's Magic Scroll Shop.
 37595 | Orc:2    | Found Pukloum's General Store.
 37614 | Orc:2    | Bought a jewelled brass wand for 132 gold pieces
 37614 | Orc:2    | Bought a scroll of identify for 66 gold pieces
 37614 | Orc:2    | Bought a scroll of teleportation for 99 gold pieces
 37614 | Orc:2    | Bought a gluggy blue potion for 29 gold pieces
 37614 | Orc:2    | Bought a scroll of identify for 66 gold pieces
 37621 | Orc:2    | Bought a scroll of identify for 24 gold pieces
 37621 | Orc:2    | Bought 2 scrolls of teleportation for 72 gold pieces
 37621 | Orc:2    | Bought a scroll of identify for 24 gold pieces
 37621 | Orc:2    | Bought a scroll of fog for 24 gold pieces
 37621 | Orc:2    | Bought a scroll of identify for 24 gold pieces
 37621 | Orc:2    | Bought a scroll of teleportation for 36 gold pieces
 37630 | Orc:2    | Bought a scroll of identify for 26 gold pieces
 37630 | Orc:2    | Bought 22 stones for 28 gold pieces
 37630 | Orc:2    | Bought 26 stones for 33 gold pieces
 37630 | Orc:2    | Bought a scroll of teleportation for 39 gold pieces
 37630 | Orc:2    | Bought 14 stones for 18 gold pieces
 37632 | Orc:2    | Bought 20 stones for 30 gold pieces
 37632 | Orc:2    | Bought 15 stones for 22 gold pieces
 38495 | D:12     | Found Elah Aqa's Food Shop.
 38736 | D:12     | Reached skill level 19 in Earth Magic
 39518 | D:13     | Reached skill level 14 in Dodging
 39609 | D:13     | Found a gate to the Vaults.
 40083 | D:13     | Reached XP level 15. HP: 107/140 MP: 1/22
 40588 | D:13     | Reached skill level 1 in Shields
 40859 | D:13     | Reached skill level 2 in Shields
 41557 | D:13     | Reached skill level 3 in Shields
 42339 | D:14     | Reached skill level 3 in Spellcasting
 42408 | D:13     | Reached skill level 4 in Shields
 42627 | D:14     | Found a portal to a secret trove of treasure.
 43352 | D:14     | Reached skill level 15 in Dodging
 43352 | D:14     | Reached skill level 4 in Spellcasting
 43758 | D:15     | Entered Level 15 of the Dungeon
 44523 | D:15     | Noticed Urug
 44600 | D:15     | Killed Urug
 44728 | D:15     | Reached skill level 5 in Spellcasting
 45570 | D:15     | Found Ixaimu's Jewellery Boutique.
 45609 | D:15     | zzxc: (12:48:33 AM) Tiltorax: [15:41] its because you were qazlal and level 23 (12:48:35 AM) namelastname112: wait (12:48:43 AM) Tiltorax: mibe: does 2 levels really change the sitation? (12:48:47 AM) mibe: no (12:48:53 AM) mibe: i probably just had better tactics or got mor lucky (12:49:00 AM) namelastname112: http://underhound.eu:81/crawl/morgue/namelastname112/namelastname112.txt (12:49:02 AM) Sizzell: tsouns (L25 OgSk) reached level 3 of the Elven Halls. (Elf:3) (12:49:03 AM) Tiltorax: !lm mibe Dr-- rune=silver log (12:49:05 AM) Sequell: mibe, XL26 DrGl, T:70683: http://crawl.berotato.org/crawl/morgue/mibe/morgue-mibe-20160122-061054.txt (12:49:06 AM) mibe: or maybe i built a stronger chacter (12:49:17 AM) Tiltorax: a - +9 double sword of Disembowelment {slice, rF+ MR+++ Dex+4} (12:49:22 AM) mibe: oh yeah (12:49:23 AM) Tiltorax: "strategies" (12:49:25 AM) Henzell: theodb (L16 DsGl) reached level 4 of the Swamp. (Swamp:4) (12:49:25 AM) mibe: that was it (12:49:27 AM) mibe: lol (12:49:31 AM) Tiltorax: I had 1 point of mr and got para'd (12:49:32 AM) zxc: very good strategy you have there
 45652 | D:15     | zzxc: damn
 45655 | D:15     | zzxc: see discord, ignore here
 46013 | D:15     | Noticed Roxanne
 46020 | D:15     | Sixotanaka: lol
 46091 | D:15     | Found a staircase to the Depths.
 46390 | D:15     | Sixotanaka: Lair:4 !fuck this floor
 46460 | D:15     | Reached skill level 6 in Spellcasting
 46465 | D:15     | Reached skill level 8 in Conjurations
 46842 | Lair:1   | Upgraded the game from 0.18-a0-1589-g520a787 to 0.18-a0-1593-g7a89b71
 47047 | Spider:1 | Entered Level 1 of the Spider Nest
 48727 | Spider:1 | Reached skill level 9 in Conjurations
 48727 | Spider:1 | Reached XP level 16. HP: 93/148 MP: 12/25
 50391 | Spider:2 | Gained mutation: You possess an exceptional clarity of mind. [potion of beneficial mutation]
 50392 | Spider:2 | Gained mutation: Your muscles are strong. (Str +2) [potion of beneficial mutation]
 50532 | Spider:2 | Reached skill level 7 in Spellcasting
 50948 | Spider:2 | Reached skill level 10 in Conjurations
 53000 | Spider:3 | Reached skill level 11 in Conjurations
 53444 | Spider:3 | HP: 36/148 [something (5)]
 53445 | Spider:3 | HP: 12/148 [something (16)]
 53489 | Spider:3 | HP: 29/148 [moth of wrath (14)]
 53492 | Spider:3 | HP: 11/148 [moth of wrath (18)]
 53641 | Spider:3 | HP: 37/148 [wolf spider (2)]
 53891 | Spider:3 | Reached skill level 8 in Spellcasting
 55183 | Spider:3 | Found a roughly hewn altar of Beogh.
 55320 | Spider:3 | HP: 37/148 [something (12)]
 55337 | Spider:3 | HP: 29/148 [demonic crawler (9)]
 55341 | Spider:3 | HP: 14/148 [demonic crawler (9)]
 55348 | Spider:3 | HP: 4/148 [something (5)]
 55348 | Spider:3 | Mangled by a ghost moth

Vanquished Creatures
  Gastronok (Lair:3)
  An emperor scorpion (Spider:2)
  2 spark wasps
  An ettin (Orc:2)
  An entropy weaver (Spider:2)
  11 hydras
  A death knight (D:15)
  A catoblepas (D:14)
  5 centaur warriors
  2 death yaks (Lair:7)
  A queen ant (Lair:2)
  Urug (D:15)
  6 orc high priests (Orc:2)
  5 tengu warriors
  3 ogre magi (D:15)
  A spriggan (Lair:8)
  A giant orange brain (shapeshifter) (D:15)
  3 unseen horrors
  3 hill giants
  11 orc knights
  14 orb spiders
  2 wizards
  4 deep elf magi (D:15)
  20 wolf spiders
  3 orc sorcerers
  3 hornets
  4 griffons
  3 ugly things
  6 cyclopes
  2 manticores
  6 black mambas
  3 moths of wrath
  Joseph (D:7)
  2 gargoyles
  9 spiny frogs
  3 torpor snails
  4 kobold demonologists
  3 centaur skeletons
  4 yaktaurs (D:15)
  7 rime drakes
  9 demonic crawlers
  8 komodo dragons
  An efreet (D:15)
  21 jumping spiders
  8 two-headed ogres
  2 tengu conjurers
  A jumping spider (shapeshifter) (D:15)
  A polar bear (Lair:8)
  A hornet zombie (D:15)
  4 trolls
  16 blink frogs
  2 boulder beetles
  6 slime creatures (D:13)
  16 tarantellas
  55 redbacks
  2 vampires
  A wraith (D:15)
  31 yaks
  3 wyverns
  9 basilisks
  A steam dragon (Lair:7)
  A hippogriff (shapeshifter) (D:15)
  11 hippogriffs
  6 vampire mosquitoes (D:12)
  A mottled dragon (D:12)
  A hungry ghost (D:7)
  15 soldier ants
  4 wargs
  34 water moccasins
  17 porcupines
  2 black bears
  5 ice beasts
  3 sky beasts
  An eye of draining (D:14)
  3 necrophages
  6 phantoms
  21 ogres
  44 orc warriors
  3 wasps
  3 wolves (Lair:8)
  16 centaurs
  13 crocodiles
  The ghost of smazza the Firebug, an amateur DEFE (D:4)
  5 big kobolds
  23 giant frogs
  A wyvern zombie (D:9)
  A water moccasin skeleton (D:5)
  A scorpion (Lair:3)
  A wyvern skeleton (D:9)
  10 killer bees
  2 howler monkeys (D:13)
  4 electric eels
  9 crimson imps
  5 centaur zombies
  2 giant frog zombies
  3 jellies
  A quasit (D:6)
  11 hounds
  41 orc priests
  3 giant frog skeletons
  11 iguanas
  24 orc wizards
  7 hell rats (Lair:6)
  41 worker ants
  16 sheep
  3 worker ant zombies
  32 adders
  67 river rats
  8 shadow imps
  2 white imps (D:10)
  An ooze (D:2)
  An adder skeleton (D:8)
  2 adder zombies
  3 worms (D:2)
  8 giant geckos
  112 orcs
  10 bats
  8 giant cockroaches
  6 goblins
  11 hobgoblins
  20 jackals
  19 kobolds
  6 quokkas
  A ball python (D:1)
  A giant gecko skeleton (D:6)
  5 giant newts
  16 rats
  A fungus (D:6)
  A plant (Lair:6)
1139 creatures vanquished.

Vanquished Creatures (others)
  A two-headed ogre (D:15)
  A hippogriff (Lair:5)
  A big kobold (D:14)
  A crimson imp (D:10)
  An orc priest (D:15)
  An iguana (D:3)
  An adder (Lair:3)
  2 bushes (D:8)
  33 fungi
  34 plants
76 creatures vanquished.

Grand Total: 1215 creatures vanquished
